 Dungeon Crawl Stone Soup version 0.24-a0-459-g225fefd530 (webtiles) character file.

Game seed: 12912472863362751758

712 vurker the Charmwright (level 7, -4/56 HPs)
             Began as a Gnoll Skald on June 30, 2019.
             Was a Follower of Ashenzari.
             Blown up by Ijyb (30 damage)
             ... with a disintegration bolt
             ... on level 5 of the Dungeon.
             The game lasted 00:11:36 (4709 turns).

vurker the Charmwright (Gnoll Skald)                Turns: 4709, Time: 00:11:37

Health: -4/56      AC:  6    Str: 14    XL:     7   Next: 68%
Magic:  11/15      EV: 14    Int: 17    God:    Ashenzari [*.....]
Gold:   212        SH:  4    Dex: 14    Spells: 10/17 levels left

rFire    . . .     SeeInvis +   a - +0 hand axe
rCold    . . .     Gourm    +   p - +0 buckler
rNeg     . . .     Faith    .   w - +1 troll leather armour {Purgy}
rPois    .         Spirit   .   (no helmet)
rElec    .         Reflect  .   n - +0 cloak
rCorr    +         Harm     .   (no gloves)
MR       .....                  (no boots)
Stlth    ++........             v - amulet of the gourmand
HPRegen  0.58/turn              o - ring of resist corrosion (curse)
MPRegen  0.14/turn              z - ring of see invisible

@: infused
A: distributed training, fangs 1, strong nose
a: Curse Item, Scrying, Renounce Religion


You were on level 5 of the Dungeon.
You worshipped Ashenzari.
Ashenzari was aware of your devotion.
You were completely stuffed.

You visited 1 branch of the dungeon, and saw 5 of its levels.
You also visited: Sewer.

You collected 212 gold pieces.

Inventory:

Hand Weapons
 a - a +0 hand axe (weapon)
Missiles
 x - a throwing net (quivered) {!f}
Armour
 n - a +0 cloak (worn)
   (You found it on level 2 of the Dungeon)
 p - a +0 buckler (worn)
   (You found it on level 2 of the Dungeon)
 w - a +1 troll leather armour (worn) {Purgy}
   (You found it in a sewer)
Magical Staves
 g - an uncursed staff of wizardry {!a}
   (You found it on level 2 of the Dungeon)
Jewellery
 o - a cursed ring of resist corrosion (left hand)
   (You found it on level 2 of the Dungeon)
 v - an amulet of the gourmand (around neck)
   (You found it on level 3 of the Dungeon)
 z - a ring of see invisible (right hand)
   (You found it on level 3 of the Dungeon)
Scrolls
 d - 5 scrolls of identify {@r1}
 i - a scroll of teleportation {@r4}
 t - 2 scrolls of blinking
Potions
 c - 5 potions of curing {@q1}
 f - 2 potions of berserk rage {unknown}
 h - 2 potions of agility {unknown}
 j - 2 potions of flight {unknown}
 l - a potion of heal wounds {unknown}
 m - a potion of resistance {unknown}
 r - a potion of degeneration {unknown}
 s - a potion of lignification {unknown}
Comestibles
 e - 14 rations {!d}


   Skills:
 + Level 5.3 Fighting
 + Level 2.6 Short Blades
 + Level 2.6 Long Blades
 + Level 5.3 Axes
 + Level 2.6 Maces & Flails
 + Level 2.6 Polearms
 + Level 2.6 Staves
 + Level 2.6 Slings
 + Level 2.6 Bows
 + Level 2.6 Crossbows
 + Level 2.6 Throwing
 + Level 3.7 Armour
 + Level 5.3 Dodging
 + Level 2.6 Stealth
 + Level 2.6 Shields
 + Level 2.6 Unarmed Combat
 + Level 5.6 Spellcasting
 + Level 2.1 Conjurations
 + Level 2.1 Hexes
 + Level 5.9 Charms
 + Level 2.1 Summonings
 + Level 2.1 Necromancy
 + Level 2.1 Translocations
 + Level 2.1 Transmutations
 + Level 2.1 Fire Magic
 + Level 2.1 Ice Magic
 + Level 2.1 Air Magic
 + Level 2.1 Earth Magic
 + Level 2.1 Poison Magic
 + Level 2.9 Invocations
 + Level 2.6 Evocations


You had 10 spell levels left.
You knew the following spells:

 Your Spells              Type           Power        Failure   Level  Hunger
a - Infusion              Chrm           ###.         1%          1    None
b - Spectral Weapon       Hex/Chrm       ###.....     11%         3    ##.....
q - Regeneration          Chrm/Necr      ###.......   11%         3    ##.....

Your spell library contained the following spells:

 Spells                   Type           Power        Failure   Level  Hunger
 Song of Slaying          Chrm           ###.....     2%          2    #......
 Shroud of Golubria       Chrm/Tloc      ###...       5%          2    #......


Dungeon Overview and Level Annotations

Branches:
Dungeon (5/15)
 Temple: D:4-7

Altars:
Ashenzari
Kikubaaqudgha
Trog
Xom

Annotations:
D:5 Ijyb


Innate Abilities, Weirdness & Mutations

Your experience applies equally to all skills.
You have very sharp teeth.
Your uncanny sense of smell can sniff out nearby items.


Message History

You barely miss the jackal. You closely miss the jackal.
The jackal bites you but does no damage.
The jackal closely misses you.
You hit the jackal.
You kill the jackal!
You barely miss the jackal. The jackal barely misses you.
The jackal bites you but does no damage.
You hit the jackal. You bite the jackal. The jackal barely misses you.
You hit the jackal.
You kill the jackal!
No target in view!
Eating a chunk of flesh.
You eat the chunk of flesh.
This raw flesh tastes great.
c - 5 potions of curing {@q1} (gained 1)
Found a cursed club.
Found a shimmering altar of Xom.
A giant cockroach comes into view.
Found an uncursed leather armour and an uncursed amulet of rage.
Found three shimmering altars of Xom.
A giant cockroach is nearby!
Found three shimmering altars of Xom.
The teleport trap disappears.
The giant cockroach disappears!
There is a shimmering altar of Xom here.
Found 11 stones.
There is a shimmering altar of Xom here.
b - an uncursed amulet of rage Put on which piece of jewellery? (? for menu, Esc to quit)
Okay, then.
Drop what? 22/52 slots (_ for help) (? for menu, Esc to quit)
You drop an uncursed amulet of rage.
Ijyb the Twisted Goblin comes into view.
She is wielding a +5 club and carrying a wand of disintegration (9).
Found 18 gold pieces.
You can now scry through walls.
Found a potion of curing.
You see here 11 stones.
You begin infusing your attacks with magical energy.
Ijyb shouts!
Ijyb hits you with a +5 club.
You hit Ijyb.
Ijyb zaps a wand.
You are blasted!
Ouch! That really hurt!
* * * LOW HITPOINT WARNING * * *
You draw out your weapon's spirit!
Ijyb hits you with a +5 club.
* * * LOW HITPOINT WARNING * * *
You closely miss Ijyb.
Ijyb zaps a wand.
You are blasted!
Ouch! That really hurt!
You die...

*.^♣.≈≈_.^[^^...##..#.####.
*,#.♣#.#^§#_###..#........)
*,##.__"≈.§##.........#####
*,*##...__##.#..#......***
*.**###.###*...#...*,,,,,**
*....##.####..!....,,,,*,,*
***#$...(.......#*,,,,,,,,,
#######(g##...,,,,,,,,,,
**#.@#....#**,*,,***,
#...##.#### *,*,,****
#.##**.# *,,,,,*,, #.* **.#
**,,,,,,, #,* *,.#
*,,,,,,,, *,*
*,##*****,,,,,,,,
*,***,,,,,,,,,,,,,,,,
*,*,,,********,,,,,,,
****,***** *******,,,*,,


You could see Ijyb and a friendly spectral +0 hand axe.

Vanquished Creatures
  Purgy (Sewer)
  An ogre (D:4)
  A phantom (D:5)
  A gnoll shaman (D:4)
  2 hounds
  An orc wizard (D:5)
  2 bullfrog skeletons (D:4)
  2 orc priests (D:5)
  A worker ant (D:5)
  A howler monkey zombie (D:5)
  4 adders
  5 gnolls (D:4)
  A river rat (D:4)
  An ooze (D:2)
  An adder skeleton (D:4)
  A worm (D:4)
  3 leopard geckos
  4 orcs
  5 giant cockroaches
  5 goblins
  7 hobgoblins
  9 jackals
  8 kobolds
  3 quokkas (D:3)
  4 bats
  5 frilled lizards
  15 rats
  3 rat zombies (D:3)
97 creatures vanquished.

Vanquished Creatures (others)
  A spectral weapon (D:4)
1 creature vanquished.

Grand Total: 98 creatures vanquished

Notes
Turn   | Place    | Note
-------+----------+-------------------------------------------
     0 | D:1      | vurker the Gnoll Skald began the quest for the Orb.
     0 | D:1      | Reached XP level 1. HP: 20/20 MP: 6/6
   479 | D:1      | Reached XP level 2. HP: 26/26 MP: 7/7
  1243 | D:2      | Reached XP level 3. HP: 22/31 MP: 9/9
  1345 | D:2      | Learned a level 3 spell: Spectral Weapon
  1349 | D:2      | Learned a level 3 spell: Regeneration
  1381 | D:2      | Reached skill level 5 in Spellcasting
  1457 | D:2      | Reached skill level 1 in Invocations
  2078 | D:2      | Found a shattered altar of Ashenzari.
  2111 | D:2      | Became a worshipper of Ashenzari the Shackled
  2247 | D:3      | Reached skill level 1 in Short Blades
  2247 | D:3      | Reached skill level 1 in Long Blades
  2247 | D:3      | Reached skill level 1 in Maces & Flails
  2247 | D:3      | Reached skill level 1 in Polearms
  2247 | D:3      | Reached skill level 1 in Staves
  2247 | D:3      | Reached skill level 1 in Slings
  2247 | D:3      | Reached skill level 1 in Bows
  2247 | D:3      | Reached skill level 1 in Crossbows
  2247 | D:3      | Reached skill level 1 in Throwing
  2247 | D:3      | Reached skill level 1 in Stealth
  2247 | D:3      | Reached skill level 1 in Shields
  2247 | D:3      | Reached skill level 1 in Unarmed Combat
  2247 | D:3      | Reached skill level 1 in Evocations
  2304 | D:3      | Reached XP level 4. HP: 34/38 MP: 11/11
  2526 | D:3      | Found an ancient bone altar of Kikubaaqudgha.
  2987 | D:3      | Reached skill level 1 in Conjurations
  2987 | D:3      | Reached skill level 1 in Hexes
  2987 | D:3      | Reached skill level 1 in Summonings
  2987 | D:3      | Reached skill level 1 in Necromancy
  2987 | D:3      | Reached skill level 1 in Translocations
  2987 | D:3      | Reached skill level 1 in Transmutations
  2987 | D:3      | Reached skill level 1 in Fire Magic
  2987 | D:3      | Reached skill level 1 in Ice Magic
  2987 | D:3      | Reached skill level 1 in Air Magic
  2987 | D:3      | Reached skill level 1 in Earth Magic
  2987 | D:3      | Reached skill level 1 in Poison Magic
  3235 | D:4      | Found a bloodstained altar of Trog.
  3284 | D:4      | Reached XP level 5. HP: 34/43 MP: 12/12
  3492 | D:4      | Noticed an ogre
  3500 | D:4      | Killed an ogre
  3500 | D:4      | Reached XP level 6. HP: 50/50 MP: 5/13
  3577 | D:4      | Found a glowing drain.
  3636 | Sewer    | Entered a sewer
  3801 | Sewer    | Noticed Purgy
  3813 | Sewer    | Killed Purgy
  3813 | Sewer    | Reached skill level 5 in Fighting
  3813 | Sewer    | Reached skill level 5 in Axes
  3813 | Sewer    | Reached skill level 5 in Dodging
  4074 | D:4      | Reached XP level 7. HP: 13/56 MP: 13/15
  4388 | D:5      | Entered Level 5 of the Dungeon
  4681 | D:5      | Found a shimmering altar of Xom.
  4682 | D:5      | Found a shimmering altar of Xom.
  4682 | D:5      | Found a shimmering altar of Xom.
  4682 | D:5      | Found a shimmering altar of Xom.
  4683 | D:5      | Found a shimmering altar of Xom.
  4683 | D:5      | Found a shimmering altar of Xom.
  4683 | D:5      | Found a shimmering altar of Xom.
  4700 | D:5      | Noticed Ijyb
  4701 | D:5      | Reached * piety under Ashenzari
  4709 | D:5      | Blown up by Ijyb

Levels and vault maps discovered:
D:1:      nzn_arrival_water_spiral, layout_loops_corners, minmay_misc_feat_tiny
D:2:      layout_loops_corners, lemuel_round_altar
D:3:      layout_basic, lemuel_zombie_altar_kikubaaqudgha
D:4:      layout_basic, bloody_trog, first_ration, serial_rivers,
          chequers_serial_rivers_small_3, chequers_serial_rivers_large_b,
          chequers_serial_rivers_micro_b, chequers_serial_rivers_room_b,
          portal_sewer_entry_c, chequers_avenue
D:5:      layout_rooms, gammafunk_temple_overflow_claw, lemuel_doored_altar,
          xom_redecorated, uniq_ijyb

Skill      XL: |  1  2  3  4  5  6  7 |
---------------+----------------------+-----
Spellcasting   | 5 |  5.6
Invocations    | 1 2 |  2.9
Short Blades   | 1 2 |  2.6
Long Blades    | 1 2 |  2.6
Maces & Flails | 1 2 |  2.6
Polearms       | 1 2 |  2.6
Staves         | 1 2 |  2.6
Slings         | 1 2 |  2.6
Bows           | 1 2 |  2.6
Crossbows      | 1 2 |  2.6
Throwing       | 1 2 |  2.6
Stealth        | 1 2 |  2.6
Shields        | 1 2 |  2.6
Unarmed Combat | 1 2 |  2.6
Evocations     | 1 2 |  2.6
Conjurations   | 1 2 |  2.1
Hexes          | 1 2 |  2.1
Summonings     | 1 2 |  2.1
Necromancy     | 1 2 |  2.1
Translocations | 1 2 |  2.1
Transmutations | 1 2 |  2.1
Fire Magic     | 1 2 |  2.1
Ice Magic      | 1 2 |  2.1
Air Magic      | 1 2 |  2.1
Earth Magic    | 1 2 |  2.1
Poison Magic   | 1 2 |  2.1
Armour         | 3 |  3.7
Fighting       | 5 |  5.3
Axes           | 5 |  5.3
Dodging        | 5 |  5.3
Charms         | |  5.9

Action                   |  1- 3 |  4- 6 |  7- 9 || total
-------------------------+-------+-------+-------++-------
Melee: Hand axe          |   128 |   197 |    72 ||   397
       Bite              |    11 |    22 |     7 ||    40
 Cast: Spectral Weapon   |     1 |     8 |     5 ||    14
       Regeneration      |     1 |     3 |     2 ||     6
       Infusion          |       |     2 |     3 ||     5
Invok: Curse Item        |       |     1 |       ||     1
  Use: Scroll            |       |       |     7 ||     7
 Stab: Sleeping          |       |     2 |       ||     2
  Eat: Chunk             |     5 |    17 |     3 ||    25
Armor: Leather armour    |    21 |    36 |       ||    57
       Troll leather arm |       |     2 |    11 ||    13
Dodge: Dodged            |    81 |   156 |    53 ||   290
Block: Buckler           |     6 |    46 |    14 ||    66

Table legend:
 A = Non-vault XP
 B = Vault XP
 C = Vault XP percentage of total XP
 D = Non-vault monster count
 E = Vault monster count
 F = Vault count percentage of total count
                 A         B        C        D         E       F
            +---------+---------+-------+---------+---------+-------
      Total |     850 |     168 |  16.5 |      81 |      16 |  16.5
            +---------+---------+-------+---------+---------+-------
        D:1 |      15 |       0 |   0.0 |       9 |       0 |   0.0
        D:2 |      52 |       0 |   0.0 |      22 |       0 |   0.0
        D:3 |      71 |       3 |   4.1 |      22 |       3 |  12.0
        D:4 |     374 |      20 |   5.1 |      17 |       7 |  29.2
        D:5 |     338 |       0 |   0.0 |      11 |       0 |   0.0
      Sewer |       0 |     145 | 100.0 |       0 |       6 | 100.0
            +---------+---------+-------+---------+---------+-------
